 Dungeon Crawl Stone Soup version 0.28-a0-1510-gd0f6b136d3 (webtiles) character file.

Game seed: 1003104676900878935

135 southernslant the Skirmisher (level 5, -2/32 HPs)
             Began as a Gargoyle Gladiator on Jan 15, 2022.
             Slain by Crazy Yiuf (17 damage)
             ... on level 2 of the Dungeon.
             The game lasted 00:04:54 (2428 turns).

southernslant the Skirmisher (Gargoyle Gladiator)   Turns: 2428, Time: 00:04:55

Health: -2/32      AC: 15    Str: 19    XL:     5   Next: 18%
Magic:  5/5        EV: 12    Int:  9    God:
Gold:   56         SH:  0    Dex: 15    Spells: 4/4 levels left

rFire   . . .      SeeInvis .   a - +0 trident
rCold   . . .      Faith    .   (no shield)
rNeg    + . .      Spirit   .   f - +1 ring mail of the Lily {rPois Dex+4}
rPois   ∞          Reflect  .   c - +0 helmet
rElec   +          Harm     .   (no cloak)
rCorr   .          Rampage  .   (no gloves)
Will    .....                   (no boots)
Stlth   +.........              (no amulet)
HPRegen 0.10/turn               i - +4 ring of protection
MPRegen 0.09/turn               (no ring)

@: mighty
A: sickness immunity, AC +4, negative energy resistance 1, electricity
resistance, torment resistance 1, petrification resistance
a: no special abilities


You were on level 2 of the Dungeon.
You visited 1 branch of the dungeon, and saw 2 of its levels.

You collected 56 gold pieces.

Inventory:

Hand Weapons
 a - a +0 trident (weapon)
Missiles
 d - a throwing net (quivered)
Armour
 c - a +0 helmet (worn)
 f - the +1 ring mail of the Lily (worn) {rPois Dex+4}
   (You found it on level 2 of the Dungeon)

   Dex:       It affects your dexterity (+4).
   rPois:     It protects you from poison.
 p - a +2 robe of the Archmagi
Jewellery
 i - a +4 ring of protection (left hand)
Scrolls
 b - a scroll of fog {unknown}
 e - a scroll of magic mapping {unknown}
 g - 3 scrolls of identify {unknown}
 h - a scroll of acquirement {unknown}
 j - 2 scrolls of teleportation {unknown}
 k - a scroll of immolation {unknown}
 q - a scroll of amnesia {unknown}
 r - a scroll of silence {unknown}
Potions
 l - 2 potions of curing {unknown}
 m - a potion of resistance {unknown}
 n - a potion of haste {unknown}
 o - a potion of flight {unknown}


   Skills:
 * Level 3.6 Fighting
 + Level 3.1 Polearms
 + Level 2.3 Throwing
 * Level 2.4 Armour
 + Level 2.8 Dodging


You had 4 spell levels left.
You didn't know any spells.
Your spell library contained the following spells:

 Spells                   Type           Power      Damage    Failure   Level
 Animate Skeleton         Necr           0%         N/A       56%         1
 Magic Dart               Conj           0%         1d3       56%         1
 Pain                     Necr           0%         1d4       56%         1
 Call Imp                 Summ           0%         N/A       71%         2
 Mephitic Cloud           Conj/Pois/Air  0%         N/A       90%         3
 Vampiric Draining        Necr           0%         2d6       90%         3


Dungeon Overview and Level Annotations

Branches:
Dungeon (2/15)

Altars:

Annotations:
D:2 Crazy Yiuf


Innate Abilities, Weirdness & Mutations

You are immune to sickness and miasma.
Your stone body is resilient. (AC +4)
You are immune to poison.
You resist negative energy. (rN+)
You are resistant to electric shocks. (rElec)
You are resistant to unholy torment.
You are immune to petrification.


Message History

Crazy Yiuf is moderately wounded.
Crazy Yiuf struggles against the net.
You completely miss Crazy Yiuf.
Crazy Yiuf is moderately wounded.
Crazy Yiuf laughs, "Lugonu!"
Crazy Yiuf struggles against the net.
You hit Crazy Yiuf.
Crazy Yiuf is moderately wounded.
Crazy Yiuf drinks a potion.
Crazy Yiuf goes berserk!
Crazy Yiuf struggles against the net.
The net rips apart, and Crazy Yiuf comes free!
You hit Crazy Yiuf but do no damage.
Crazy Yiuf is moderately wounded.
Crazy Yiuf hits you with a +4 quarterstaff of chaos.
Crazy Yiuf burns you.
You barely miss Crazy Yiuf.
Crazy Yiuf is moderately wounded.
Crazy Yiuf closely misses you. Crazy Yiuf hits you but does no damage.
Throw: 2 throwing nets
Press: ? - help, Q - select action Shift-Dir - straight line, f/p - Crazy Yiuf
Aim: Crazy Yiuf, wielding a +4 quarterstaff of chaos and wearing a +1 cloak of willpower (moderately wounded, berserk, 64% to hit)
You throw a throwing net. The throwing net hits Crazy Yiuf.
Crazy Yiuf is caught in the net!
Crazy Yiuf is moderately wounded.
Crazy Yiuf struggles against the net.
You catch the helpless Crazy Yiuf completely off-guard!
You hit Crazy Yiuf but do no damage.
Crazy Yiuf is moderately wounded.
Crazy Yiuf struggles against the net. x2
You puncture Crazy Yiuf!
Crazy Yiuf is severely wounded.
Crazy Yiuf struggles against the net.
The net rips apart, and Crazy Yiuf comes free!
Crazy Yiuf hits you with a +4 quarterstaff of chaos!
You feel very mighty all of a sudden.
You hit Crazy Yiuf.
Crazy Yiuf is almost dead.
Crazy Yiuf hits you with a +4 quarterstaff of chaos!
Ouch! That really hurt!
You die...

#.......# #.#
#..... #...)...#
#.# #.....
#.......# #'#
####+# #..######
### ##+# #..#
#... #..# #...
#.##### ### #...
#.....## ###..)#
#...
#......####@g...#
#...
##......#..##...#
#... ##....#.###
### #... ########
####


You could see Crazy Yiuf (berserk).

Vanquished Creatures
  Jessica (D:2)
  Natasha (D:2)
  2 adders (D:2)
  2 dart slugs (D:2)
  8 endoplasms
  5 goblins
  9 hobgoblins
  5 kobolds
  6 quokkas
  3 ball pythons
  6 bats
  4 frilled lizards
  4 rats
56 creatures vanquished.

Notes
Turn   | Place    | Note
-------+----------+-------------------------------------------
     0 | D:1      | southernslant the Gargoyle Gladiator began the quest for
                  | the Orb.
     0 | D:1      | Reached XP level 1. HP: 12/12 MP: 1/1
   396 | D:1      | Reached XP level 2. HP: 8/18 MP: 2/2
   600 | D:1      | You fall into a shaft and drop 1 floor!
   649 | D:2      | Identified the +1 ring mail of the Lily {rPois Dex+4}
   658 | D:2      | Reached skill level 1 in Armour
   758 | D:2      | Reached XP level 3. HP: 22/22 MP: 3/3
  1699 | D:1      | Reached XP level 4. HP: 27/28 MP: 4/4
  1989 | D:2      | Noticed Natasha
  1997 | D:2      | Killed Natasha
  2168 | D:2      | Found a faded altar of an unknown god.
  2192 | D:2      | Noticed Jessica
  2196 | D:2      | Killed Jessica
  2197 | D:2      | Reached XP level 5. HP: 32/32 MP: 5/5
  2348 | D:2      | Found a runed translucent door.
  2349 | D:2      | Noticed Crazy Yiuf
  2428 | D:2      | Slain by Crazy Yiuf

Illustrated notes

Levels and vault maps discovered:
D:1:      minmay_arrival_checkered_box, layout_basic, minmay_misc_feat_x
D:2:      layout_basic, hellmonk_ecumenical_altar_pennies_from_heaven,
          minmay_misc_feat_ornament, uniq_natasha, uniq_crazy_yiuf_cottage,
          uniq_jessica

Skill      XL: |  1  2  3  4 |
---------------+-------------+-----
Throwing       | 2 |  2.3
Armour         | 1 2 |  2.4
Polearms       | 3 |  3.1
Fighting       | 3 |  3.6
Dodging        | |  2.8

Action                   |  1- 3 |  4- 6 || total
-------------------------+-------+-------++-------
Melee: Trident           |   124 |    54 ||   178
       Punch             |     1 |       ||     1
Throw: Throwing net      |       |     2 ||     2
 Stab: Held in net/web   |       |     1 ||     1
Armor: Leather armour    |    15 |       ||    15
       Ring mail         |    32 |    15 ||    47
Dodge: Dodged            |    61 |    14 ||    75

Table legend: (Time is in decaauts)
 A = Elapsed time spent in this place.
 B = Non-inter-level travel time spent in this place.
 C = Inter-level travel time spent in this place.
 D = Time resting spent in this place.
 E = Time spent auto-exploring this place.
 F = Levels seen in this place.
 G = Mean time per level.
                   A        B        C        D        E       F      G
               +--------+--------+--------+--------+--------+-----+--------+
         Total |   2457 |   2457 |      0 |      0 |   2002 |   2 | 1228.5 |
       Dungeon |   2457 |   2457 |      0 |      0 |   2002 |   2 | 1228.5 |
               +--------+--------+--------+--------+--------+-----+--------+

Top non-repeatable levels by time:
     D:1: 1714 daAuts
     D:2: 743 daAuts
